TOP OF THE 1ST |
University of Toronto Marlies batting - Pitching for University of North Carolina at Chapel Hill Tar Heels : RHP Nate Rizzi
|
Pitching: RHP Nate Rizzi
|
|
Batting: LHB Jonathan Roman
|
0-0: Called Strike 0-1: Foul Ball, location: 2F 0-2: SINGLE (Groundball, 4MD, EV 105.0 MPH)
|
Batting: RHB Rich Thurman
|
0-0: Called Strike Jonathan Roman steals 2nd base (no throw) 0-1: Foul Ball, location: 2F 0-2: Strikes out swinging
|
Batting: LHB Jonathon Walton
|
0-0: Called Strike 0-1: Foul Ball, location: 2F 0-2: Foul Ball, location: 2F 0-2: Strikes out swinging
|
Batting: RHB Elijah Hunter
|
0-0: DOUBLE (Line Drive, 89XD, EV 110.0 MPH) Jonathan Roman scores
|
Batting: RHB Masaru Konno
|
0-0: Ball 1-0: Swinging Strike 1-1: 2-RUN HOME RUN (Flyball, 7D, EV 104.4 MPH), Distance : 417 ft
|
Batting: LHB Chris Williams
|
0-0: Called Strike 0-1: Swinging Strike 0-2: Ball 1-2: Foul Ball, location: 2F 1-2: Foul Ball, location: 2F 1-2: Foul Ball, location: 2F 1-2: Foul Ball, location: 2F 1-2: Strikes out swinging
|
Top of the 1st over - 3 runs, 3 hits, 0 errors, 0 left on base; University of Toronto 3 - University of North Carolina at Chapel Hill 0 |
BOTTOM OF THE 1ST |
University of North Carolina at Chapel Hill Tar Heels batting - Pitching for University of Toronto Marlies : RHP John Olson
|
Pitching: RHP John Olson
|
|
Batting: RHB David McDonald
|
0-0: Called Strike 0-1: Foul Ball, location: 2F 0-2: Foul Ball, location: 2F 0-2: SOLO HOME RUN (Flyball, 7D, EV 108.1 MPH), Distance : 415 ft
|
Batting: RHB Aaron Stout
|
0-0: Called Strike 0-1: Swinging Strike 0-2: Ball 1-2: Ball 2-2: Ball 3-2: Strikes out swinging
|
Batting: LHB Jason Raker
|
0-0: Ball 1-0: Ground out 4-3 (Groundball, 4, EV 86.9 MPH)
|
Batting: RHB Kazushige Hasegawa
|
0-0: Called Strike 0-1: SINGLE (Line Drive, 4MD, EV 110.0 MPH)
|
Batting: RHB Sam Daw
|
0-0: Fielders Choice at 2nd, 5-4 (Groundball, 56, EV 84.4 MPH)
|
Bottom of the 1st over - 1 run, 2 hits, 0 errors, 1 left on base; University of Toronto 3 - University of North Carolina at Chapel Hill 1 |
TOP OF THE 2ND |
University of Toronto Marlies batting - Pitching for University of North Carolina at Chapel Hill Tar Heels : RHP Nate Rizzi
|
Batting: RHB Nate Henderson
|
0-0: Ball 1-0: Ball 2-0: SINGLE (Groundball, 4MD, EV 106.3 MPH)
|
Batting: RHB Dan Allred
|
0-0: Ball 1-0: Called Strike 1-1: Fly out, F6 (Popup, 4MD, EV 64.4 MPH)
|
Batting: RHB Jose Argueta
|
0-0: Called Strike 0-1: Ball 1-1: Foul Ball, location: 2F 1-2: Ball 2-2: Fly out, F7 (Flyball, 7LS, EV 86.3 MPH)
|
Batting: LHB Jonathan Roman
|
0-0: Called Strike 0-1: Called Strike 0-2: Strikes out looking
|
Top of the 2nd over - 0 runs, 1 hit, 0 errors, 1 left on base; University of Toronto 3 - University of North Carolina at Chapel Hill 1 |
BOTTOM OF THE 2ND |
University of North Carolina at Chapel Hill Tar Heels batting - Pitching for University of Toronto Marlies : RHP John Olson
|
Batting: RHB Chris Skaff
|
0-0: DOUBLE (Flyball, 8RXD, EV 105.0 MPH)
|
Batting: RHB Travis Robinson
|
0-0: Ball 1-0: Ball 2-0: Foul Ball, location: 2F 2-1: Swinging Strike 2-2: Foul Ball, location: 2F 2-2: Ball 3-2: Strikes out swinging
|
Batting: RHB Jonathan Livingston
|
0-0: Ground out 4-3 (Groundball, 13, EV 85.0 MPH) Chris Skaff to third
|
Batting: RHB Norm Wood
|
0-0: Foul Ball, location: 2F 0-1: Ball 1-1: Foul Ball, location: 2F 1-2: Foul Ball, location: 2F 1-2: SINGLE (Groundball, 56D, EV 104.4 MPH) Chris Skaff scores
|
Batting: RHB David McDonald
|
0-0: Ball 1-0: SINGLE (Line Drive, 9S, EV 94.4 MPH) Norm Wood to second Runner from 2nd tries for 3rd, SAFE, throw by RF made to third
|
Batting: RHB Aaron Stout
|
0-0: Ball 1-0: Called Strike 1-1: Foul Ball, location: 2F 1-2: Foul Ball, location: 2F 1-2: Ball 2-2: Foul Ball, location: 2F 2-2: 3-RUN HOME RUN (Flyball, 78XD, EV 115.0 MPH), Distance : 456 ft
|
Batting: LHB Jason Raker
|
0-0: Fly out, F6 (Line Drive, 6, EV 70.0 MPH)
|
Bottom of the 2nd over - 4 runs, 4 hits, 0 errors, 0 left on base; University of Toronto 3 - University of North Carolina at Chapel Hill 5 |
TOP OF THE 3RD |
University of Toronto Marlies batting - Pitching for University of North Carolina at Chapel Hill Tar Heels : RHP Nate Rizzi
|
Batting: RHB Rich Thurman
|
0-0: Called Strike 0-1: Called Strike 0-2: Ball 1-2: Ball 2-2: Ball 3-2: SINGLE (Groundball, 56S, EV 73.1 MPH) (infield hit)
|
Batting: LHB Jonathon Walton
|
0-0: Ball 1-0: Foul Ball, location: 2F 1-1: Fielders Choice at 2nd, 4-6 (Groundball, 4, EV 82.5 MPH)
|
Batting: RHB Elijah Hunter
|
0-0: SINGLE (Groundball, 6MD, EV 98.8 MPH) Jonathon Walton to second
|
Batting: RHB Masaru Konno
|
0-0: Ball 1-0: Ball 2-0: Called Strike 2-1: Ball 3-1: Foul Ball, location: 2F 3-2: Foul Ball, location: 2F 3-2: Fielders Choice at 2nd, 6-4 (Groundball, 6, EV 100.0 MPH) Jonathon Walton to third
|
Batting: LHB Chris Williams
|
0-0: Swinging Strike 0-1: Ball 1-1: Foul Ball, location: 2F 1-2: Ground out 1-3 (Groundball, 13S, EV 74.4 MPH)
|
Top of the 3rd over - 0 runs, 2 hits, 0 errors, 2 left on base; University of Toronto 3 - University of North Carolina at Chapel Hill 5 |
BOTTOM OF THE 3RD |
University of North Carolina at Chapel Hill Tar Heels batting - Pitching for University of Toronto Marlies : RHP John Olson
|
Batting: RHB Kazushige Hasegawa
|
0-0: Foul Ball, location: 2F 0-1: Ball 1-1: Ground out 6-3 (Groundball, 6, EV 87.5 MPH)
|
Batting: RHB Sam Daw
|
0-0: Ball 1-0: Foul Ball, location: 2F 1-1: Called Strike 1-2: SOLO HOME RUN (Flyball, 9LD, EV 95.6 MPH), Distance : 355 ft
|
Batting: RHB Chris Skaff
|
0-0: Ball 1-0: Ball 2-0: Ball 3-0: Base on Balls
|
Pitching: RHP Jose Rodas
|
|
Batting: RHB Travis Robinson
|
0-0: Ball 1-0: Called Strike 1-1: Ball 2-1: Foul Ball, location: 2F 2-2: Foul Ball, location: 2F 2-2: Strikes out swinging
|
Batting: RHB Jonathan Livingston
|
0-0: Ball 1-0: Ball 2-0: Ground out 2-3 (Groundball, 15S, EV 65.6 MPH)
|
Bottom of the 3rd over - 1 run, 1 hit, 0 errors, 1 left on base; University of Toronto 3 - University of North Carolina at Chapel Hill 6 |
TOP OF THE 4TH |
University of Toronto Marlies batting - Pitching for University of North Carolina at Chapel Hill Tar Heels : RHP Nate Rizzi
|
Batting: RHB Nate Henderson
|
0-0: Ball 1-0: Ball 2-0: Called Strike 2-1: Swinging Strike 2-2: Strikes out looking
|
Batting: RHB Dan Allred
|
0-0: Ground out 6-3 (Groundball, 6, EV 100.6 MPH)
|
Batting: RHB Jose Argueta
|
0-0: Called Strike 0-1: Ball 1-1: Swinging Strike 1-2: Foul Ball, location: 2F 1-2: Ground out 6-3 (Groundball, 6, EV 83.8 MPH)
|
Top of the 4th over - 0 runs, 0 hits, 0 errors, 0 left on base; University of Toronto 3 - University of North Carolina at Chapel Hill 6 |
BOTTOM OF THE 4TH |
University of North Carolina at Chapel Hill Tar Heels batting - Pitching for University of Toronto Marlies : RHP Jose Rodas
|
Batting: RHB Norm Wood
|
0-0: Called Strike 0-1: Foul Ball, location: 2F 0-2: Ground out 4-3 (Groundball, 4, EV 92.5 MPH)
|
Batting: RHB David McDonald
|
0-0: Foul Ball, location: 2F 0-1: Foul Ball, location: 2F 0-2: Strikes out swinging, 2-3 out at first.
|
Batting: RHB Aaron Stout
|
0-0: SINGLE (Groundball, 6MD, EV 99.4 MPH)
|
Batting: LHB Jason Raker
|
0-0: Called Strike 0-1: Ball 1-1: Foul Ball, location: 2F 1-2: Fly out, F6 (Popup, P, EV 83.1 MPH)
|
Bottom of the 4th over - 0 runs, 1 hit, 0 errors, 1 left on base; University of Toronto 3 - University of North Carolina at Chapel Hill 6 |
TOP OF THE 5TH |
University of Toronto Marlies batting - Pitching for University of North Carolina at Chapel Hill Tar Heels : RHP Nate Rizzi
|
Pitching: RHP Michael Bastian
|
|
Batting: LHB Jonathan Roman
|
0-0: Foul Ball, location: 2F 0-1: Called Strike 0-2: Ball 1-2: Fly out, F7 (Line Drive, 7D, EV 104.4 MPH)
|
Batting: RHB Rich Thurman
|
0-0: SINGLE (Line Drive, 9LM, EV 98.8 MPH)
|
Batting: LHB Jonathon Walton
|
0-0: Ball 1-0: Called Strike Rich Thurman steals 2nd base 1-1: Ball 2-1: Ball 3-1: Ground out U3 (Groundball, 13, EV 89.4 MPH) Rich Thurman to third
|
Batting: RHB Elijah Hunter
|
0-0: Called Strike 0-1: SINGLE (Groundball, 34D, EV 96.9 MPH) Rich Thurman scores
|
Batting: RHB Masaru Konno
|
0-0: Ball 1-0: DOUBLE (Flyball, 8LXD, EV 98.8 MPH) Elijah Hunter to third
|
Batting: LHB Chris Williams
|
0-0: Ball 1-0: Ball 2-0: Ball 3-0: Base on Balls
|
Batting: RHB Nate Henderson
|
0-0: Ball 1-0: Foul Ball, location: 2F 1-1: Called Strike 1-2: Ball 2-2: Ball 3-2: Foul Ball, location: 2F 3-2: DOUBLE (Line Drive, 3D, EV 97.5 MPH) Elijah Hunter scores Masaru Konno scores Chris Williams to third Chris Williams scores
|
Pitching: RHP Bryan Szydlowski
|
|
Batting: RHB Dan Allred
|
0-0: SINGLE (Line Drive, 34D, EV 103.1 MPH) Nate Henderson to third
|
Batting: RHB Jose Argueta
|
0-0: Foul Ball, location: 2F 0-1: Ball 1-1: Called Strike 1-2: Ball 2-2: Fielders Choice at 2nd, 5-4 (Groundball, 56, EV 103.1 MPH)
|
Top of the 5th over - 4 runs, 5 hits, 0 errors, 2 left on base; University of Toronto 7 - University of North Carolina at Chapel Hill 6 |
BOTTOM OF THE 5TH |
University of North Carolina at Chapel Hill Tar Heels batting - Pitching for University of Toronto Marlies : RHP Jose Rodas
|
Batting: RHB Kazushige Hasegawa
|
0-0: Ball 1-0: Ball 2-0: Ball 3-0: Called Strike 3-1: Fly out, F8 (Line Drive, 8LM, EV 85.0 MPH)
|
Batting: RHB Sam Daw
|
0-0: Called Strike 0-1: Foul Ball, location: 2F 0-2: Strikes out swinging
|
Batting: RHB Chris Skaff
|
0-0: Called Strike 0-1: Called Strike 0-2: Strikes out looking
|
Bottom of the 5th over - 0 runs, 0 hits, 0 errors, 0 left on base; University of Toronto 7 - University of North Carolina at Chapel Hill 6 |
TOP OF THE 6TH |
University of Toronto Marlies batting - Pitching for University of North Carolina at Chapel Hill Tar Heels : RHP Bryan Szydlowski
|
Batting: LHB Marshall Daul
|
0-0: Foul Ball, location: 2F 0-1: Foul Ball, location: 2F 0-2: Ball 1-2: Ball 2-2: Strikes out swinging
|
Pinch Hitting: SHB Jason Todd
|
0-0: Ball 1-0: Ball 2-0: Swinging Strike 2-1: Ball 3-1: Called Strike 3-2: Foul Ball, location: 2F 3-2: SINGLE (Flyball, 56D, EV 90.0 MPH)
|
Pinch Hitting: RHB Leo Gutierrez
|
0-0: Ball 1-0: Ground out 5-3 (Groundball, 5S, EV 70.0 MPH) Jason Todd to second
|
Pinch Hitting: SHB Jim Lloyd
|
0-0: Ball 1-0: Ball 2-0: Foul Ball, location: 2F 2-1: Foul Ball, location: 2F 2-2: Foul Ball, location: 2F 2-2: Ball 3-2: Foul Ball, location: 2F 3-2: Foul Ball, location: 2F 3-2: Base on Balls
|
Batting: RHB Masaru Konno
|
0-0: Foul Ball, location: 2F 0-1: Called Strike 0-2: Ball 1-2: SINGLE (Line Drive, 4D, EV 100.0 MPH) Jason Todd to third Jim Lloyd to second
|
Batting: LHB Chris Williams
|
0-0: Foul Ball, location: 2F 0-1: Swinging Strike 0-2: Ball 1-2: Ball 2-2: Foul Ball, location: 2F 2-2: Foul Ball, location: 2F 2-2: Strikes out looking
|
Top of the 6th over - 0 runs, 2 hits, 0 errors, 3 left on base; University of Toronto 7 - University of North Carolina at Chapel Hill 6 |
BOTTOM OF THE 6TH |
University of North Carolina at Chapel Hill Tar Heels batting - Pitching for University of Toronto Marlies : RHP Jose Rodas
|
Now at 1B: Francisco Marin
|
|
Now at 3B: Fernão Manta
|
|
Now in LF: Jim Lloyd
|
|
Pinch Hitting: LHB Edgar Ortiz
|
0-0: Ball 1-0: Called Strike 1-1: Called Strike 1-2: Foul Ball, location: 2F 1-2: Foul Ball, location: 2F 1-2: Strikes out looking
|
Pitching: RHP Ken Boyar
|
|
Batting: RHB Jonathan Livingston
|
0-0: Ball 1-0: Ball 2-0: Ground out 5-3 (Groundball, 56S, EV 83.1 MPH)
|
Pinch Hitting: RHB George Boivin
|
0-0: Foul Ball, location: 2F 0-1: Reached on error, E5 (Groundball, 56S, EV 86.9 MPH)
|
Pinch Hitting: RHB Akira Kubo
|
0-0: Ball 1-0: Ball 2-0: Foul Ball, location: 2F 2-1: Swinging Strike 2-2: Ball 3-2: DOUBLE (Line Drive, 78D, EV 108.1 MPH) George Boivin to third George Boivin scores
|
Pinch Hitting: RHB Andy Baumhardt
|
0-0: Called Strike 0-1: Ball 1-1: Swinging Strike 1-2: Strikes out swinging
|
Bottom of the 6th over - 1 run, 1 hit, 1 error, 1 left on base; University of Toronto 7 - University of North Carolina at Chapel Hill 7 |
TOP OF THE 7TH |
University of Toronto Marlies batting - Pitching for University of North Carolina at Chapel Hill Tar Heels : RHP Bryan Szydlowski
|
Pitching: RHP Alex Ramirez
|
|
Now at 1B: Edgar Ortiz
|
|
Now at 2B: Akira Kubo
|
|
Now at 3B: Andy Baumhardt
|
|
Now at SS: George Boivin
|
|
Batting: RHB Nate Henderson
|
0-0: Ball 1-0: Foul Ball, location: 2F 1-1: Swinging Strike 1-2: Ball 2-2: Foul Ball, location: 2F 2-2: Fly out, F5 (Popup, 5S, EV 85.0 MPH)
|
Pinch Hitting: LHB Jessie McDonough
|
0-0: Ball 1-0: SINGLE (Line Drive, 4M, EV 108.8 MPH)
|
Batting: RHB Jose Argueta
|
0-0: Ball 1-0: Ball 2-0: Swinging Strike 2-1: Ball 3-1: Foul Ball, location: 2F 3-2: Base on Balls Jessie McDonough to second
|
Batting: LHB Marshall Daul
|
0-0: Ball 1-0: Foul Ball, location: 2F 1-1: Fielders Choice at 2nd, 6-4 (Groundball, 6, EV 85.6 MPH) Jessie McDonough to third
|
Batting: LHB Fernão Manta
|
0-0: Ball 1-0: Called Strike 1-1: Ball 2-1: Fielders Choice at 2nd, 6-4 (Groundball, 6, EV 101.9 MPH)
|
Top of the 7th over - 0 runs, 1 hit, 0 errors, 2 left on base; University of Toronto 7 - University of North Carolina at Chapel Hill 7 |
BOTTOM OF THE 7TH |
University of North Carolina at Chapel Hill Tar Heels batting - Pitching for University of Toronto Marlies : RHP Ken Boyar
|
Now in RF: Jessie McDonough
|
|
Pinch Hitting: LHB Dave Bertheau
|
0-0: Ball 1-0: Ball 2-0: Called Strike 2-1: Foul Ball, location: 2F 2-2: Strikes out swinging
|
Batting: RHB Carlos Almada
|
0-0: Called Strike 0-1: SINGLE (Groundball, 6MD, EV 102.5 MPH)
|
Batting: RHB Sam Daw
|
0-0: Ball 1-0: Called Strike 1-1: Foul Ball, location: 2F 1-2: Ball 2-2: Strikes out looking
|
Batting: RHB Chris Skaff
|
0-0: Called Strike 0-1: Ball 1-1: Ball 2-1: Swinging Strike 2-2: Ball 3-2: Strikes out looking
|
Bottom of the 7th over - 0 runs, 1 hit, 0 errors, 1 left on base; University of Toronto 7 - University of North Carolina at Chapel Hill 7 |
TOP OF THE 8TH |
University of Toronto Marlies batting - Pitching for University of North Carolina at Chapel Hill Tar Heels : RHP Alex Ramirez
|
Pitching: RHP Michael Conrad
|
|
Now in LF: Dave Bertheau
|
|
Batting: RHB Francisco Marin
|
0-0: Foul Ball, location: 2F 0-1: Ball 1-1: Ball 2-1: Ground out 4-3 (Groundball, 4, EV 100.6 MPH)
|
Batting: SHB Jim Lloyd
|
0-0: Called Strike 0-1: Fly out, F8 (Line Drive, 8RD, EV 100.6 MPH)
|
Batting: RHB Masaru Konno
|
0-0: Ball 1-0: Called Strike 1-1: Ball 2-1: Ball 3-1: Called Strike 3-2: SINGLE (Line Drive, 8RS, EV 105.0 MPH)
|
Batting: LHB Chris Williams
|
0-0: Ball 1-0: Foul Ball, location: 2F 1-1: Ball 2-1: Called Strike 2-2: Ball 3-2: SINGLE (Groundball, 6MD, EV 105.6 MPH) Masaru Konno to second Masaru Konno to third
|
Batting: RHB Nate Henderson
|
0-0: Called Strike 0-1: Ball 1-1: Foul Ball, location: 2F 1-2: Ball 2-2: Ball 3-2: Strikes out swinging
|
Top of the 8th over - 0 runs, 2 hits, 0 errors, 2 left on base; University of Toronto 7 - University of North Carolina at Chapel Hill 7 |
BOTTOM OF THE 8TH |
University of North Carolina at Chapel Hill Tar Heels batting - Pitching for University of Toronto Marlies : RHP Ken Boyar
|
Pitching: RHP Tony Cortez
|
|
Batting: LHB Edgar Ortiz
|
0-0: Ball 1-0: Ball 2-0: Ball 3-0: Called Strike 3-1: Swinging Strike 3-2: Foul Ball, location: 2F 3-2: Strikes out swinging
|
Batting: RHB Jonathan Livingston
|
0-0: Ball 1-0: Ground out 1-3 (Groundball, 15S, EV 70.0 MPH)
|
Batting: RHB George Boivin
|
0-0: Ball 1-0: Ball 2-0: Called Strike 2-1: Ball 3-1: Swinging Strike 3-2: Strikes out swinging
|
Bottom of the 8th over - 0 runs, 0 hits, 0 errors, 0 left on base; University of Toronto 7 - University of North Carolina at Chapel Hill 7 |
TOP OF THE 9TH |
University of Toronto Marlies batting - Pitching for University of North Carolina at Chapel Hill Tar Heels : RHP Michael Conrad
|
Pitching: RHP Alfonso Mier
|
|
Batting: LHB Jessie McDonough
|
0-0: Swinging Strike 0-1: Ball 1-1: Called Strike 1-2: Ball 2-2: Fly out, F8 (Line Drive, 8RD, EV 89.4 MPH)
|
Pinch Hitting: RHB Kevin Dionne
|
0-0: Ball 1-0: Called Strike 1-1: Ground out 6-3 (Groundball, 6M, EV 103.1 MPH)
|
Batting: LHB Marshall Daul
|
0-0: Swinging Strike 0-1: Swinging Strike 0-2: Ball 1-2: Foul Ball, location: 2F 1-2: Strikes out looking
|
Top of the 9th over - 0 runs, 0 hits, 0 errors, 0 left on base; University of Toronto 7 - University of North Carolina at Chapel Hill 7 |
BOTTOM OF THE 9TH |
University of North Carolina at Chapel Hill Tar Heels batting - Pitching for University of Toronto Marlies : RHP Tony Cortez
|
Now at 2B: Kevin Dionne
|
|
Batting: RHB Akira Kubo
|
0-0: Ground out 6-3 (Groundball, 6S, EV 74.4 MPH)
|
Batting: RHB Andy Baumhardt
|
0-0: Called Strike 0-1: Swinging Strike 0-2: Ball 1-2: Foul Ball, location: 2F 1-2: Ball 2-2: Strikes out swinging
|
Batting: LHB Dave Bertheau
|
0-0: Foul Ball, location: 2F 0-1: Foul Ball, location: 2F 0-2: Foul Ball, location: 2F 0-2: Ball 1-2: Ball 2-2: Strikes out swinging
|
Bottom of the 9th over - 0 runs, 0 hits, 0 errors, 0 left on base; University of Toronto 7 - University of North Carolina at Chapel Hill 7 |
TOP OF THE 10TH |
University of Toronto Marlies batting - Pitching for University of North Carolina at Chapel Hill Tar Heels : RHP Alfonso Mier
|
Pitching: LHP Bryan Reynolds
|
|
Batting: LHB Fernão Manta
|
0-0: Ball 1-0: Foul Ball, location: 2F 1-1: Called Strike 1-2: Strikes out swinging
|
Batting: RHB Francisco Marin
|
0-0: Ball 1-0: Foul Ball, location: 2F 1-1: Foul Ball, location: 2F 1-2: Strikes out swinging
|
Batting: SHB Jim Lloyd
|
0-0: Ball 1-0: Called Strike 1-1: Foul Ball, location: 2F 1-2: Ball 2-2: Fly out, F7 (Flyball, 7S, EV 89.4 MPH)
|
Top of the 10th over - 0 runs, 0 hits, 0 errors, 0 left on base; University of Toronto 7 - University of North Carolina at Chapel Hill 7 |
BOTTOM OF THE 10TH |
University of North Carolina at Chapel Hill Tar Heels batting - Pitching for University of Toronto Marlies : RHP Tony Cortez
|
Pitching: RHP Edwin Martinez
|
|
Batting: RHB Carlos Almada
|
0-0: Ball 1-0: Ball 2-0: Ball 3-0: Called Strike 3-1: Swinging Strike 3-2: Foul Ball, location: 2F 3-2: Strikes out swinging
|
Batting: RHB Sam Daw
|
0-0: Called Strike 0-1: Ball 1-1: Foul Ball, location: 2F 1-2: Ball 2-2: Ball 3-2: Base on Balls
|
Batting: RHB Chris Skaff
|
0-0: Ball 1-0: Fly out, F3 (Popup, 3F, EV 77.5 MPH)
|
Batting: LHB Edgar Ortiz
|
0-0: Ball 1-0: Ball 2-0: Ball 3-0: Base on Balls Sam Daw to second
|
Batting: RHB Jonathan Livingston
|
0-0: Ball 1-0: Foul Ball, location: 2F 1-1: Ball 2-1: Swinging Strike 2-2: Ball 3-2: Base on Balls Sam Daw to third Edgar Ortiz to second
|
Batting: RHB George Boivin
|
0-0: Ball 1-0: Ball 2-0: Foul Ball, location: 2F 2-1: Called Strike 2-2: Ball 3-2: Base on Balls Sam Daw scores Edgar Ortiz to third Jonathan Livingston to second
|
Bottom of the 10th over - 1 run, 0 hits, 0 errors, 0 left on base; University of Toronto 7 - University of North Carolina at Chapel Hill 8 |
|
Game Over ... University of North Carolina at Chapel Hill defeats University of Toronto, 8 to 7
|
|
|